 Dungeon Crawl Stone Soup version 0.24-a0-201-gf205589 (webtiles) character file.

Game seed: 9265438782862546042

151351 Ijustatesigmund the Unseen (level 17, -2/117 HPs)
             Began as an Octopode Fighter on Mar 22, 2019.
             Was the Champion of Cheibriados.
             Shot with an arrow by something (25 damage)
             ... on level 2 of the Elven Halls on Mar 23, 2019.
             The game lasted 01:52:42 (32188 turns).

Ijustatesigmund the Unseen (Octopode Fighter)      Turns: 32188, Time: 01:52:42

Health: -2/117     AC:  6    Str: 30    XL:     17   Next: 55%
Magic:  28/35      EV: 25    Int: 34    God:    Cheibriados [******]
Gold:   1085       SH: 22    Dex: 35    Spells: 13/27 levels left

rFire    + + .     SeeInvis .   m - +10 broad axe "Wisanif" {flame, rF+ Int+3}
rCold    . . .     Gourm    .   b - +5 shield of the Nine Nights {rF+ rN++ Dex+4}
rNeg     + + +     Faith    .   r - +2 hat
rPois    .         Spirit   .   (no amulet)
rElec    .         Reflect  .   f - ring of protection from magic
rCorr    .         Harm     .   j - ring of magical power
MR       ++++.     Clarity  +   p - ring of stealth
Stlth    +++++++++.             n - ring of positive energy
HPRegen  0.29/turn              k - ring of the Mage {Wiz MR++ Int+3}
MPRegen  0.24/turn              w - +1 ring of protection
                                U - ring of wizardry
                                E - ring of wizardry

@: about to teleport, studying Shields, very slow
A: almost no armour, stealthy swim, amphibious, 8 rings, constrict 8, molten
scales 1, camouflage 1, clarity, gelatinous body 1
a: Bend Time, Temporal Distortion, Slouch, Step From Time, Renounce Religion


You were on level 2 of the Elven Halls.
You worshipped Cheibriados.
Cheibriados was exalted by your worship.
You were not hungry.

You visited 5 branches of the dungeon, and saw 29 of its levels.
You also visited: Sewer.

You collected 2360 gold pieces.
You spent 1275 gold pieces at shops.

Inventory:

Hand Weapons
 a - a +4 flail of protection
 h - a +2 hunting sling of velocity
 m - the +10 broad axe "Wisanif" (weapon) {flame, rF+ Int+3}
   (You bought it in a shop on level 2 of the Orcish Mines)

   It has been specially enchanted to burn those struck by it, causing extra
   injury to most foes and up to half again as much damage against particularly
   susceptible opponents.
   Big, fiery blades are also staple armaments of hydra-hunters.
   It affects your intelligence (+3).
   It protects you from fire.
 M - the +10 morningstar "Mija" {venom, *Contam rN+ Str+2}
   (You found it on level 6 of the Lair of Beasts)

   It poisons the flesh of those it strikes.
   It affects your strength (+2).
   It protects you from negative energy.
   It causes magical contamination when unequipped.
 P - a +4 vampiric morningstar
Missiles
 s - 4 throwing nets
 X - 2 javelins (quivered)
Armour
 b - the +5 shield of the Nine Nights (worn) {rF+ rN++ Dex+4}
   (You acquired it on level 11 of the Dungeon)

   It affects your dexterity (+4).
   It protects you from fire.
   It greatly protects you from negative energy.
 r - a +2 hat (worn)
Jewellery
 f - a ring of protection from magic (left tentacle)
 j - a ring of magical power (right tentacle)
 k - the ring of the Mage (on tentacle) {Wiz MR++ Int+3}
   (You found it on level 3 of the Lair of Beasts)

   [ring of wizardry]

   It improves your spell success rate.
   It affects your intelligence (+3).
   It affects your resistance to hostile enchantments.
 n - a ring of positive energy (on tentacle)
 p - a ring of stealth (on tentacle)
 w - a +1 ring of protection (on tentacle)
 E - a ring of wizardry (on tentacle)
 N - an uncursed ring of fire
 Q - an uncursed amulet of faith
 U - a ring of wizardry (on tentacle)
Wands
 l - a wand of digging (15)
 o - a wand of polymorph (11)
 H - a wand of acid (2)
 O - a wand of disintegration (5)
Scrolls
 i - 12 scrolls of remove curse
 t - a scroll of fog
 v - 3 scrolls of amnesia
 x - a scroll of fear
 y - 21 scrolls of identify
 F - 4 scrolls of magic mapping
 G - 3 scrolls of enchant armour
 I - 4 scrolls of holy word
 L - 3 scrolls of immolation
 S - a scroll of silence
 V - a scroll of blinking
Potions
 c - 6 potions of might
 e - 2 potions of cancellation
 g - 8 potions of flight
 u - 6 potions of curing
 z - a potion of mutation
 A - a potion of magic
 B - a potion of resistance
 C - 2 potions of brilliance
 D - 4 potions of lignification
 R - a potion of agility
Books
 W - a manual of Shields
Miscellaneous
 J - a phial of floods
 T - a phantom mirror
Comestibles
 d - 34 rations
 Y - 4 chunks of flesh


   Skills:
 - Level 11.5 Fighting
 - Level 3.3(8.5) Axes
 - Level 11.9(12.1) Maces & Flails
 - Level 9.2 Dodging
 - Level 15.2 Stealth
 + Level 14.0 Shields
 - Level 5.7 Spellcasting
 + Level 6.9 Conjurations
 - Level 3.6 Charms
 - Level 6.9 Translocations
 + Level 7.0 Ice Magic
 + Level 6.8 Air Magic
 - Level 12.7 Invocations
 - Level 2.8 Evocations


You had 13 spell levels left.
You knew the following spells:

 Your Spells              Type           Power        Failure   Level  Hunger
a - Gell's Gravitas       Tloc           ######....   1%          3    None
b - Ozocubu's Armour      Chrm/Ice       #####...     1%          3    None
c - Freezing Cloud        Conj/Ice/Air   ######....   9%          6    ######.
d - Blink                 Tloc           N/A          1%          2    None

Your spell library contained the following spells:

 Spells                   Type           Power        Failure   Level  Hunger
 Confusing Touch          Hex            #.....       1%          1    None
 Corona                   Hex            #......      1%          1    None
 Flame Tongue             Conj/Fire      ####.        1%          1    None
 Freeze                   Ice            ####         1%          1    None
 Magic Dart               Conj           ####         1%          1    None
 Call Imp                 Summ           #.......     1%          2    None
 Ensorcelled Hibernation  Hex/Ice        ####..       1%          2    None
 Poisonous Vapours        Pois/Air       ####..       1%          2    None
 Searing Ray              Conj           ######       1%          2    None
 Slow                     Hex            #.......     1%          2    None
 Throw Flame              Conj/Fire      ####..       1%          2    None
 Throw Frost              Conj/Ice       ######       1%          2    None
 Conjure Flame            Conj/Fire      ####....     1%          3    None
 Dazzling Spray           Conj/Hex       ####..       1%          3    None
 Mephitic Cloud           Conj/Pois/Air  #####...     1%          3    None
 Recall                   Summ/Tloc      N/A          1%          3    None
 Force Lance              Conj/Tloc      ######..     1%          4    ##.....
 Iskenderun's Mystic Bla  Conj           ######..     1%          4    ##.....
 Throw Icicle             Conj/Ice       ######..     1%          4    ##.....
 Fulminant Prism          Conj/Hex       ####......   2%          4    ##.....
 Sticky Flame             Conj/Fire      ####....     2%          4    ##.....
 Summon Ice Beast         Ice/Summ       ####....     2%          4    ##.....
 Call Canine Familiar     Summ           #.......     3%          3    None
 Confuse                  Hex            #.......     3%          3    None
 Inner Flame              Hex/Fire       #.......     3%          3    None
 Summon Guardian Golem    Hex/Summ       #.......     3%          3    None
 Tukima's Dance           Hex            #.......     3%          3    None
 Fireball                 Conj/Fire      ####......   6%          5    #####..
 Metabolic Englaciation   Hex/Ice        ####......   6%          5    #####..
 Summon Forest            Summ/Tloc      ####......   6%          5    #####..
 Olgreb's Toxic Radiance  Pois           #.......     9%          4    ##.....
 Petrify                  Tmut/Erth      #.......     9%          4    ##.....
 Aura of Abjuration       Summ           #.........   22%         5    #####..
 Summon Demon             Summ           #.........   22%         5    #####..
 Summon Mana Viper        Hex/Summ       #.......     22%         5    #####..
 Yara's Violent Unravell  Hex/Tmut       #.........   22%         5    #####..
 Shadow Creatures         Summ           N/A          73%         6    ######.
 Ring of Flames           Chrm/Fire      ###.......   95%         7    #######


Dungeon Overview and Level Annotations

Branches:
Dungeon (15/15)            Temple (0/1) D:4            Lair (6/6) D:8
  Swamp (3/4) Lair:2       Spider (0/4) Lair:2        Slime (0/5) Lair:6
    Orc (2/2) D:9             Elf (3/3) Orc:2        Vaults (0/5) D:14
 Depths: D:15

Altars:
Cheibriados
Fedhas
Kikubaaqudgha
Makhleb
Ru
Sif Muna
Trog
Uskayaw
Vehumet
Beogh

Shops:
D:5 *!(([   D:10 ?   Orc:2 ([}(*   Elf:3 !

Annotations:
D:15 exclusion: Roxanne, Roxanne
Lair:2 3 runed translucent doors, Duffy's ghost, journeyman MiGl
Swamp:2 Frances
Orc:1 Maurice


Innate Abilities, Weirdness & Mutations

You cannot wear most types of armour.
You are very stealthy in the water. (Stealth+)
You are amphibious.
You can wear up to eight rings at the same time.
You can use your tentacles to constrict eight enemies at once.
Your skin changes colour to match your surroundings (Stealth+).
Your rubbery body absorbs attacks. (AC +1, EV +1)
You are partially covered in molten scales. (AC +2)
You possess an exceptional clarity of mind.


Message History

Casting: Ozocubu's Armour (safe; 1% risk of failure)
Confirm with . or Enter, or press ? or * to list all spells.
You blink.
An arrow appears from out of thin air!
You block the arrow.
Casting: Blink (safe; 1% risk of failure)
Confirm with . or Enter, or press ? or * to list all spells.
Aiming: Freezing Cloud (slightly dangerous; 9% risk of failure)
Press: ? - help, Dir - move target cursor, f - +0 quick blade of electrocution
Aim: a +0 quick blade of electrocution The +0 quick blade of electrocution is engulfed in freezing vapours.
You slice the +0 quick blade of electrocution!!
You burn the +0 quick blade of electrocution.
The +0 quick blade of electrocution falls from the air.
Cheibriados thoroughly appreciates the change of pace.
Your Shields skill increases to level 14!
You hear a twanging sound.
An arrow appears from out of thin air!
The arrow hits you.
* * * LOW HITPOINT WARNING * * *
You hear a twanging sound.
An arrow appears from out of thin air!
The arrow hits you!!
You die...

##.....###.....###
##..)(..'# #..)...######
#.......'###...)....##..
##......(...............
#.....§§§###........##..
##....§§§# #......######
##...§§###.....###
##....)# #...###
#.....@# ..###
#......##### #.....##
##.... ##.. #.. .. ...


There were no monsters in sight!

Vanquished Creatures
  2 thorn hunters
  A deep elf sorcerer (Elf:1)
  A deep elf elementalist (Elf:1)
  Nessos (D:13)
  2 deep elf demonologists
  A fire dragon (Lair:6)
  6 hydras
  Harold (D:8)
  5 centaur warriors
  A shambling mangrove (Swamp:1)
  4 two-headed ogres
  18 dancing weapons
  5 death yaks
  3 alligators
  Urug (Lair:2)
  A vampire mage (D:15)
  5 orc high priests
  The ghost of Wired the Spear-Bearer, a novice OpWn of Yredelemnul (D:8)
  13 deep elf knights
  A skeletal warrior (D:15)
  6 unseen horrors
  A golden dragon zombie (D:15)
  13 deep elf archers
  Pikel (D:7)
  2 swamp dragons
  A necromancer (Lair:2)
  A wolf spider zombie (D:13)
  36 deep elf magi
  A wolf spider (Lair:6)
  2 orc sorcerers (Orc:1)
  4 cyclopes
  12 elephants
  6 ugly things
  A black mamba (shapeshifter) (D:14)
  A manticore (D:14)
  9 black mambas
  2 centaur zombies
  7 centaur skeletons
  A water nymph (shapeshifter) (D:13)
  A smoke demon (D:14)
  15 spiny frogs
  4 rime drakes (Lair:6)
  10 komodo dragons
  An efreet (D:15)
  An ice devil (D:14)
  4 trolls
  A tyrant leech (shapeshifter) (D:14)
  6 meliai
  2 tyrant leeches
  9 polar bears (Lair:6)
  2 hornets
  17 blink frogs
  9 hippogriffs
  2 bog bodies (Swamp:2)
  4 raiju (Lair:6)
  12 slime creatures
  7 dream sheep (Lair:6)
  A fire dragon zombie (D:15)
  2 air elementals
  A spriggan (D:7)
  2 water elementals (Elf:2)
  33 yaks
  3 wyverns
  2 fire elementals (Elf:1)
  2 steam dragons
  4 basilisks
  Menkaure (D:6)
  3 hungry ghosts
  Edmund (D:4)
  18 wargs
  14 vampire mosquitoes
  6 insubstantial wisps (Lair:2)
  5 swamp worms
  A naga (shapeshifter) (D:15)
  14 water moccasins
  An acid dragon (D:12)
  2 floating eyes (shapeshifter) (D:14)
  9 porcupines
  Duvessa (D:5)
  13 hell hounds (Lair:6)
  5 swamp drakes
  Purgy (Sewer)
  15 orc warriors
  3 sky beasts
  19 black bears
  3 ice beasts
  7 phantoms
  14 centaurs
  9 ogres
  26 wolves
  18 crocodiles
  A big kobold (D:9)
  Blork the orc (D:4)
  19 bullfrogs
  2 earth elementals
  A wyvern zombie (D:6)
  Dowan (D:5)
  A wyvern skeleton (D:15)
  7 scorpions
  26 killer bees
  19 wights
  4 howler monkeys
  10 crimson imps
  6 hounds
  Crazy Yiuf (D:3)
  18 orc wizards
  A bullfrog skeleton (D:7)
  35 orc priests
  A quasit (D:13)
  A jelly (D:7)
  Jessica (D:2)
  A gnoll shaman (Orc:1)
  4 iguanas
  Ijyb (D:4)
  Natasha (thrice) (D:2)
  9 worker ants
  3 polar bear simulacra (Lair:2)
  4 yak simulacra
  2 wolf simulacra (Lair:2)
  A hound skeleton (D:5)
  A worker ant zombie (D:8)
  11 gnolls
  11 adders
  7 shadow imps
  4 white imps (D:14)
  An ooze (D:6)
  3 worms (D:2)
  A dart slug (D:2)
  6 leopard geckos
  97 orcs
  10 giant cockroaches
  4 goblins
  10 hobgoblins
  3 jackals (D:6)
  3 quokkas
  3 bats
  8 frilled lizards
  A jackal skeleton (D:4)
  11 kobolds
  A quokka zombie (D:8)
  9 rats
  2 river rat simulacra (Lair:2)
  2 briar patches (Swamp:1)
  5 plants
944 creatures vanquished.

Vanquished Creatures (others)
  A blink frog (Lair:4)
  A briar patch (Swamp:1)
  16 fungi
  42 plants
  6 toadstools (Swamp:2)
66 creatures vanquished.

Grand Total: 1010 creatures vanquished

Notes
Turn   | Place    | Note
-------+----------+-------------------------------------------
     0 | D:1      | Ijustatesigmund the Octopode Fighter began the quest for
                  | the Orb.
     0 | D:1      | Reached XP level 1. HP: 16/16 MP: 1/1
   137 | D:1      | Reached XP level 2. HP: 18/21 MP: 2/2
   972 | D:2      | Noticed Natasha
   982 | D:2      | Killed Natasha
   982 | D:2      | Reached XP level 3. HP: 12/26 MP: 3/3
  1179 | D:2      | Reached XP level 4. HP: 27/31 MP: 4/4
  1239 | D:2      | Noticed Jessica
  1244 | D:2      | Killed Jessica
  1433 | D:2      | Noticed Natasha
  1440 | D:2      | Killed Natasha
  1654 | D:2      | Reached XP level 5. HP: 36/36 MP: 5/5
  1801 | D:2      | Noticed Natasha
  1812 | D:2      | Killed Natasha
  2299 | D:3      | Found a runed translucent door.
  2300 | D:3      | Noticed Crazy Yiuf
  2307 | D:3      | Killed Crazy Yiuf
  2307 | D:3      | Reached skill level 1 in Stealth
  2307 | D:3      | Reached skill level 1 in Evocations
  2394 | D:3      | Found a snail-covered altar of Cheibriados.
  2402 | D:3      | Became a worshipper of Cheibriados the Contemplative
  2659 | D:3      | Reached skill level 3 in Stealth
  2659 | D:3      | Reached XP level 6. HP: 43/43 MP: 6/6
  2933 | D:4      | Noticed Edmund
  2953 | D:4      | Killed Edmund
  3218 | D:4      | Noticed a phantom
  3227 | D:4      | Killed a phantom
  3227 | D:4      | Reached XP level 7. HP: 45/48 MP: 9/9
  3270 | D:4      | Found a staircase to the Ecumenical Temple.
  3278 | D:4      | Found an ancient bone altar of Kikubaaqudgha.
  3278 | D:4      | Found a faded altar of an unknown god.
  3283 | D:4      | Found a burning altar of Makhleb.
  3285 | D:4      | Found a hide-covered altar of Uskayaw.
  3287 | D:4      | Found a faded altar of an unknown god.
  3309 | D:4      | Noticed Ijyb
  3315 | D:4      | Killed Ijyb
  3492 | D:4      | Reached * piety under Cheibriados
  3782 | D:4      | Noticed Blork the orc
  3788 | D:4      | Found a deep blue altar of Sif Muna.
  3791 | D:4      | Killed Blork the orc
  3989 | D:5      | Entered Level 5 of the Dungeon
  4016 | D:5      | Found Yrghoguf's Antique Armour Emporium.
  4033 | D:5      | Found Dafrah's Weapon Boutique.
  4043 | D:5      | Reached XP level 8. HP: 54/54 MP: 11/11
  4480 | D:5      | Found Niuwon's Distillery.
  4490 | D:5      | Bought a potion of mutation for 104 gold pieces
  4490 | D:5      | Bought a potion of might for 52 gold pieces
  4490 | D:5      | Bought a potion of curing for 39 gold pieces
  4490 | D:5      | Gained mutation: You are partially covered in molten
                  | scales. (AC +2) [potion of mutation]
  4490 | D:5      | Gained mutation: You possess an exceptional clarity of
                  | mind. [potion of mutation]
  4499 | D:5      | Found Boreo's Antique Weapon Emporium.
  4524 | D:5      | Reached ** piety under Cheibriados
  4524 | D:5      | Reached skill level 4 in Stealth
  4540 | D:5      | Identified the +1 ring mail of Agoropnu {Int+3}
  4563 | D:5      | Noticed Dowan
  4565 | D:5      | Noticed Duvessa
  4578 | D:5      | Killed Duvessa
  4578 | D:5      | Reached skill level 5 in Stealth
  4580 | D:5      | Killed Dowan
  4596 | D:6      | Noticed Menkaure
  4647 | D:6      | Reached skill level 6 in Stealth
  4718 | D:6      | Found a radiant altar of Vehumet.
  4732 | D:6      | Reached skill level 7 in Stealth
  4850 | D:6      | Reached skill level 8 in Stealth
  4918 | D:6      | Reached XP level 9. HP: 57/60 MP: 12/12
  4950 | D:6      | Reached *** piety under Cheibriados
  4950 | D:6      | Reached skill level 9 in Stealth
  4965 | D:6      | Found a glowing drain.
  4976 | Sewer    | Entered a sewer
  5090 | Sewer    | Noticed Purgy
  5109 | Sewer    | Killed Purgy
  5388 | D:6      | Reached skill level 10 in Stealth
  5519 | D:6      | Killed Menkaure
  5653 | D:5      | Reached skill level 11 in Stealth
  5704 | D:5      | Found Rurchoc's General Store.
  5707 | D:5      | Bought 2 potions of heal wounds for 130 gold pieces
  5910 | D:5      | Found a sacrificial altar of Ru.
  5987 | D:7      | Reached skill level 12 in Stealth
  6316 | D:7      | Reached skill level 5 in Fighting
  6344 | D:7      | Reached XP level 10. HP: 72/72 MP: 13/13
  6425 | D:7      | Noticed Pikel
  6482 | D:7      | Reached skill level 5 in Shields
  6528 | D:7      | Reached **** piety under Cheibriados
  6536 | D:7      | Killed Pikel
  6692 | D:7      | Reached XP level 11. HP: 74/78 MP: 14/14
  7833 | D:8      | Noticed Harold
  7842 | D:8      | Killed Harold
  8047 | D:8      | Reached skill level 5 in Invocations
  8170 | D:8      | Found a staircase to the Lair.
  8228 | D:8      | Noticed Wired's ghost (novice OpWn)
  8235 | D:8      | Found a transporter.
  8239 | D:8      | Found a transporter.
  8552 | D:9      | Found a staircase to the Orcish Mines.
  8580 | D:9      | Reached ***** piety under Cheibriados
  9005 | D:9      | Noticed a two-headed ogre
  9017 | D:9      | Killed a two-headed ogre
  9744 | D:10     | Entered Level 10 of the Dungeon
  9812 | D:10     | Noticed a two-headed ogre
  9827 | D:10     | Killed a two-headed ogre
  9827 | D:10     | Reached XP level 12. HP: 39/85 MP: 17/17
 10313 | D:10     | Reached skill level 10 in Maces & Flails
 10645 | D:10     | Found Cutt's Magic Scroll Shop.
 10648 | D:10     | Bought a scroll of identify for 30 gold pieces
 10648 | D:10     | Bought a scroll of fog for 30 gold pieces
 10648 | D:10     | Bought a scroll of teleportation for 45 gold pieces
 10648 | D:10     | Bought a scroll of teleportation for 45 gold pieces
 10773 | D:8      | Killed Wired's ghost
 11378 | D:11     | Reached ****** piety under Cheibriados
 11676 | D:11     | Learned a level 3 spell: Gell's Gravitas
 11746 | D:11     | Found a blossoming altar of Fedhas.
 11774 | D:11     | Reached skill level 1 in Translocations
 12196 | D:11     | Identified a scroll of acquirement
 12207 | D:11     | Got a transparent shield
 12213 | D:11     | Identified the +5 shield of the Nine Nights {rF+ rN++
                  | Dex+4} (You acquired it on level 11 of the Dungeon)
 12375 | Orc:1    | Entered Level 1 of the Orcish Mines
 12804 | Orc:1    | Reached skill level 5 in Translocations
 12813 | Orc:1    | Noticed an ettin
 12824 | Orc:1    | Noticed Maurice
 12827 | Orc:2    | Entered Level 2 of the Orcish Mines
 12930 | Orc:2    | Found Qiffigimug's Assorted Antiques.
 12938 | Orc:2    | Bought a twisted broad axe for 288 gold pieces
 12938 | Orc:2    | Bought a ruby potion for 28 gold pieces
 12952 | Orc:2    | Identified the +10 broad axe "Wisanif" {flame, rF+ Int+3}
                  | (You bought it in a shop on level 2 of the Orcish Mines)
 12971 | Orc:2    | Found a bloodstained altar of Trog.
 13086 | Orc:2    | Noticed an orc high priest
 13090 | Orc:2    | Noticed an orc high priest
 13093 | Orc:2    | Reached skill level 1 in Axes
 13096 | Orc:2    | Noticed a soul eater
 13295 | Orc:2    | Noticed a sun demon
 13299 | Orc:2    | Noticed a soul eater
 13299 | Orc:2    | Noticed a sun demon
 13559 | Lair:1   | Entered Level 1 of the Lair of Beasts
 13585 | Lair:1   | Reached XP level 13. HP: 90/90 MP: 19/19
 14455 | Lair:2   | Found a hole to the Spider Nest.
 14492 | Lair:2   | Found a runed translucent gate.
 14493 | Lair:2   | Found a runed translucent gate.
 14493 | Lair:2   | Noticed Duffy's ghost (journeyman MiGl)
 14494 | Lair:2   | Found a runed translucent gate.
 14494 | Lair:2   | Noticed Urug
 14503 | Lair:2   | Killed Urug
 14526 | Lair:2   | Found a staircase to the Swamp.
 15400 | Lair:3   | Found the ring of the Mage {Wiz MR++ Int+3}
 17127 | Lair:4   | Reached skill level 10 in Invocations
 17325 | Lair:4   | Reached skill level 10 in Shields
 17754 | Lair:4   | Reached XP level 14. HP: 46/98 MP: 21/21
 17758 | Lair:4   | Reached skill level 10 in Fighting
 18745 | Lair:6   | Entered Level 6 of the Lair of Beasts
 18754 | Lair:6   | Reached skill level 13 in Stealth
 19162 | Lair:6   | Reached skill level 14 in Stealth
 19430 | Lair:6   | Got a warped morningstar
 19431 | Lair:6   | Identified the +10 morningstar "Mija" {venom, *Contam rN+
                  | Str+2} (You found it on level 6 of the Lair of Beasts)
 19829 | Lair:6   | Found a staircase to the Slime Pits.
 20068 | Lair:6   | Learned a level 3 spell: Ozocubu's Armour
 20110 | Lair:6   | Reached XP level 15. HP: 105/105 MP: 24/24
 20224 | Lair:6   | Reached skill level 1 in Charms
 20237 | Lair:6   | Reached skill level 1 in Ice Magic
 20548 | Lair:6   | Identified Sif Muna's Grimoire of the Poisonous Escort
 22097 | Orc:2    | Found a roughly hewn altar of Beogh.
 22127 | Orc:2    | Found Kemyer's Weapon Boutique.
 22127 | Orc:2    | Found Dozukh's Antique Armour Emporium.
 22172 | Orc:2    | Found Itutue's Gadget Boutique.
 22172 | Orc:2    | Found Subagall's Weapon Emporium.
 22188 | Orc:2    | Bought a +4 vampiric morningstar for 340 gold pieces
 22239 | Orc:2    | Found a staircase to the Elven Halls.
 23336 | D:13     | Noticed Nessos
 23342 | D:13     | Killed Nessos
 23342 | D:13     | Reached skill level 15 in Stealth
 24099 | D:14     | Reached skill level 1 in Spellcasting
 24523 | D:14     | Found a gate to the Vaults.
 24866 | D:15     | Entered Level 15 of the Dungeon
 24900 | D:15     | Identified Roxanne's Collected Works on Transmigration
 24900 | D:15     | Noticed Roxanne
 25350 | D:15     | Reached XP level 16. HP: 113/113 MP: 25/25
 25953 | Swamp:1  | Entered Level 1 of the Swamp
 26270 | Swamp:1  | Reached skill level 5 in Spellcasting
 26275 | Swamp:1  | Noticed a thorn hunter
 26574 | Swamp:1  | Killed a thorn hunter
 27187 | Swamp:1  | Learned a level 6 spell: Freezing Cloud
 27515 | Swamp:2  | Reached skill level 1 in Conjurations
 27515 | Swamp:2  | Reached skill level 1 in Air Magic
 27844 | Swamp:2  | Noticed a thorn hunter
 27864 | Swamp:2  | HP: 3/113 [thorn hunter/volley of thorns (17)]
 28237 | Swamp:2  | Noticed Frances
 28261 | Swamp:2  | Killed a thorn hunter
 28585 | Elf:1    | Entered Level 1 of the Elven Halls
 29066 | Elf:1    | Learned a level 2 spell: Blink
 29265 | Elf:1    | Noticed a Brimstone Fiend
 29280 | Elf:1    | Reached skill level 5 in Ice Magic
 29711 | Elf:1    | Reached skill level 5 in Conjurations
 29711 | Elf:1    | Reached skill level 5 in Air Magic
 29838 | Elf:2    | Reached XP level 17. HP: 117/117 MP: 26/26
 30987 | Elf:2    | Noticed a Brimstone Fiend
 31111 | Elf:2    | HP: 3/117 [burnt (4)]
 31285 | Elf:3    | Entered Level 3 of the Elven Halls
 31575 | Elf:3    | Found Cafriaku's Distillery.
 31579 | Elf:3    | Bought 2 potions of curing for 96 gold pieces
 31579 | Elf:3    | Bought a potion of curing for 48 gold pieces
 32157 | Elf:2    | Found a huge runed translucent gate.
 32157 | Elf:2    | Found a huge runed translucent gate.
 32165 | Elf:2    | Found a huge runed translucent gate.
 32169 | Elf:2    | Found a huge runed translucent gate.
 32169 | Elf:2    | Found a huge runed translucent gate.
 32188 | Elf:2    | Shot with an arrow by something

Levels and vault maps discovered:
D:1:      dpeg_arrival_ratfight, layout_basic, serial_rivers,
          chequers_serial_rivers_large_a, chequers_serial_rivers_marsh,
          chequers_serial_rivers_micro_e, chequers_serial_rivers_small_3,
          chequers_serial_rivers_small_b, chequers_serial_rivers_room_a
D:2:      layout_basic, uniq_jessica, uniq_natasha
D:3:      layout_loops_corners, overflow_temple_1_default,
          uniq_crazy_yiuf_cottage
D:4:      layout_basic, chequers_temple_overflow_minitemple,
          minmay_temple_entry_overgrown, tgw_sif, uniq_edmund, uniq_ijyb
D:5:      layout_basic, nicolae_ru_path_of_blood, serial_shops, kennysheep_mini,
          shop, shop, nicolae_shop_crystal, shop, first_ration, uniq_duvessa
D:6:      layout_gridville, fiery_altar_vehumet, portal_sewer_entry_f,
          uniq_menkaure
D:7:      layout_layer_cave, the_bakery, minmay_crystal_room, uniq_pikel
D:8:      layout_gridville, due_lair_maze_entry_diamond, gammafunk_ghost_hive,
          uniq_harold
D:9:      layout_stronghold, david_orc_3
D:10:     layout_basic, serial_shops, shop
D:11:     layout_grid_maze, fedhas_bush_and_centaur_altar
D:12:     layout_loops_cross, minmay_splitting_lines
D:13:     layout_rooms, serial_bayou_lagoon_a, uniq_nessos
D:14:     layout_cave_pools, david_vaults_2, minmay_fire_ice_demons
D:15:     gammafunk_depths_entry_grave, layout_irregular_city,
          solitary_fountain, minmay_librarian, uniq_roxanne
Lair:1:   layout_long_grid, hangedman_lair_generics_rect
Lair:2:   layout_loops_ring, minmay_swamp_entry_wisps, dummy_spider_entry,
          gammafunk_ghost_hydra_chop, eino_house_with_fridge, uniq_urug
Lair:3:   layout_gridlike
Lair:4:   layout_cave_shapes, lemuel_old_faithful
Lair:5:   layout_cave_shapes
Lair:6:   guppyfry_lair_end_dragon, layout_regular_city,
          hangedman_lair_caniforms_friends, slime_dummy, grunt_megastairs_1
Swamp:1:  layout_basic_swamp, nicolae_swamp_fairy_circle, swamp_pool1
Swamp:2:  cheibrodos_swamp_tower_of_moss, layout_falls_marsh,
          nicolae_swamp_triple_paths, uniq_frances
Swamp:3:  layout_basic_swamp, evilmike_swamp_ruin_rubble_1, swamp_pool3,
          infiniplex_staircase_pool_2
Orc:1:    layout_caves, basic_altar, uniq_maurice
Orc:2:    st_orc_town, layout_caves, serial_shops,
          nicolae_shop_overgrown_old_shop, basic_altar
Elf:1:    layout_geoelf_octagon, hangedman_corner_corridor
Elf:2:    layout_geoelf_diagonals
Elf:3:    nooodl_elf_gasket, layout_geoelf_octagon, serial_shops, shop,
          minivault_16, glass_columns_b
Sewer:    kennysheep_door_sewer

Skill      XL: |  1  2  3  4  5  6  7  8  9 10 11 12 13 14 15 16 17 |
---------------+----------------------------------------------------+-----
Maces & Flails | 3 4 8 9 10 11 | 11.9
Stealth        | 3 8 12 14 15 | 15.2
Evocations     | 1 2 |  2.8
Invocations    | 3 4 7 8 10 12 | 12.7
Fighting       | 4 8 9 10 11 | 11.5
Shields        | 4 5 7 8 10 12 14 | 14.0
Dodging        | 7 8 9 |  9.2
Translocations | 6 |  6.9
Axes           | 2 3 |  3.3
Charms         | 3 |  3.6
Ice Magic      | 3 5 7 |  7.0
Spellcasting   | 3 5 |  5.7
Conjurations   | 5 6 |  6.9
Air Magic      | 5 6 |  6.8

Action                   |  1- 3 |  4- 6 |  7- 9 | 10-12 | 13-15 | 16-18 || total
-------------------------+-------+-------+-------+-------+-------+-------++-------
Melee: Flail             |    42 |    96 |   236 |   489 |   269 |   169 ||  1301
       Constrict         |    10 |    23 |    56 |    85 |   117 |    71 ||   362
       Tentacles         |     6 |    23 |    63 |   192 |   296 |   162 ||   742
       Broad axe         |       |       |       |    16 |   482 |   221 ||   719
Throw: Throwing net      |       |       |       |     2 |       |       ||     2
       Javelin           |       |       |       |       |     7 |     5 ||    12
 Cast: Ozocubu's Armour  |       |       |       |       |     7 |    20 ||    27
       Gell's Gravitas   |       |       |       |       |     4 |       ||     4
       Freezing Cloud    |       |       |       |       |       |     9 ||     9
       Blink             |       |       |       |       |       |     9 ||     9
Invok: Bend Time         |       |       |     2 |    11 |    11 |       ||    24
       Slouch            |       |       |       |     4 |    11 |     3 ||    18
       Step From Time    |       |       |       |       |       |     3 ||     3
Evoke: Wand              |       |       |       |     4 |     6 |     7 ||    17
  Use: Scroll            |     2 |     6 |     5 |    22 |    12 |    16 ||    63
       Potion            |       |       |     3 |     7 |     9 |    12 ||    31
 Stab: Sleeping          |     5 |    11 |    19 |    40 |    59 |    37 ||   171
       Distracted        |       |       |     1 |     6 |    13 |     1 ||    21
       Held in net/web   |       |       |       |     4 |       |       ||     4
       Invisible         |       |       |       |       |     6 |       ||     6
       Confused          |       |       |       |       |     4 |       ||     4
  Eat: Chunk             |     1 |     7 |     5 |    12 |    15 |     3 ||    43
       Ration            |       |       |       |     1 |     3 |     4 ||     8
Armor: Skin              |     2 |     3 |    50 |    66 |    58 |    19 ||   198
Dodge: Dodged            |    14 |    33 |   110 |   289 |   464 |   221 ||  1131
Block: Shield            |    13 |    33 |   161 |   399 |   791 |   360 ||  1757

Table legend:
 A = Non-vault XP
 B = Vault XP
 C = Vault XP percentage of total XP
 D = Non-vault monster count
 E = Vault monster count
 F = Vault count percentage of total count
                 A         B        C        D         E       F
            +---------+---------+-------+---------+---------+-------
      Total |  163528 |   48900 |  23.0 |     701 |     236 |  25.2
            +---------+---------+-------+---------+---------+-------
        D:1 |      22 |       5 |  18.5 |      13 |       5 |  27.8
        D:2 |     138 |      72 |  34.3 |      23 |       2 |   8.0
        D:3 |      74 |      42 |  36.2 |      16 |       1 |   5.9
        D:4 |     369 |     301 |  44.9 |      16 |       3 |  15.8
        D:5 |    1138 |     211 |  15.6 |      30 |       2 |   6.2
        D:6 |     738 |     191 |  20.6 |      29 |       5 |  14.7
        D:7 |    2351 |     917 |  28.1 |      30 |       2 |   6.2
        D:8 |    1154 |    3526 |  75.3 |      14 |      20 |  58.8
        D:9 |    3065 |     312 |   9.2 |      32 |       6 |  15.8
       D:10 |    3379 |       0 |   0.0 |      22 |       0 |   0.0
       D:11 |    4226 |     115 |   2.6 |      34 |       1 |   2.9
       D:12 |    2758 |       0 |   0.0 |      18 |       0 |   0.0
       D:13 |   12224 |    1426 |  10.4 |      39 |       1 |   2.5
       D:14 |    5452 |    1888 |  25.7 |      19 |      13 |  40.6
       D:15 |    8472 |    2614 |  23.6 |      29 |       4 |  12.1
     Lair:1 |    4129 |    2646 |  39.1 |      21 |       6 |  22.2
     Lair:2 |    3189 |    2770 |  46.5 |      16 |      18 |  52.9
     Lair:3 |    2982 |      34 |   1.1 |      13 |       1 |   7.1
     Lair:4 |   10295 |       0 |   0.0 |      29 |       0 |   0.0
     Lair:5 |    4137 |     291 |   6.6 |      13 |       2 |  13.3
     Lair:6 |   15532 |   15296 |  49.6 |      51 |      72 |  58.5
    Swamp:1 |   12058 |       0 |   0.0 |      29 |       0 |   0.0
    Swamp:2 |    4764 |    2010 |  29.7 |      15 |       1 |   6.2
      Orc:1 |    3921 |     829 |  17.5 |      41 |       2 |   4.7
      Orc:2 |    1464 |    5584 |  79.2 |      26 |      55 |  67.9
      Elf:1 |   27899 |       0 |   0.0 |      39 |       0 |   0.0
      Elf:2 |   27026 |    7681 |  22.1 |      43 |       9 |  17.3
      Elf:3 |     572 |       0 |   0.0 |       1 |       0 |   0.0
      Sewer |       0 |     139 | 100.0 |       0 |       5 | 100.0
            +---------+---------+-------+---------+---------+-------
